 Dungeon Crawl Stone Soup version 0.24-a0-434-gd57e52fea8 (webtiles) character file.

Game seed: 14626754229611466909

16672 MirrMurr the Slinger (level 12, -5/84 HPs)
             Began as a Halfling Fighter on June 16, 2019.
             Was a High Priest of Okawaru.
             Slain by a fire crab (6 damage)
             ... in a Gauntlet.
             The game lasted 00:32:33 (13581 turns).

MirrMurr the Slinger (Halfling Fighter)            Turns: 13581, Time: 00:32:33

Health: -5/84      AC: 17    Str: 25    XL:     12   Next: 73%
Magic:  0/17       EV: 13    Int:  6    God:    Okawaru [*****.]
Gold:   487        SH: 12    Dex: 15    Spells: 11/11 levels left

rFire    + . .     SeeInvis .   b - +1 dagger (elec)
rCold    . . .     Gourm    .   c - +0 shield
rNeg     . . .     Faith    .   C - +0 plate armour
rPois    +         Spirit   +   q - +1 helmet
rElec    .         Reflect  .   (no cloak)
rCorr    .         Harm     .   (no gloves)
MR       .....     NoTele   +   H - +0 pair of boots
Stlth    ..........             u - amulet of guardian spirit
HPRegen  0.24/turn              s - ring of Jipieru Ihua {rPois rF+ Str+4}
MPRegen  0.15/turn              (no ring)

@: berserk cooldown, slowed, very slow
A: small, mutation resistance 1
a: Heroism, Finesse, Renounce Religion


You were in a Gauntlet.
You worshipped Okawaru.
Okawaru was extremely pleased with you.
You were not hungry.

You visited 2 branches of the dungeon, and saw 12 of its levels.
You also visited: Sewer, Ossuary and Gauntlet.

You collected 487 gold pieces.

Inventory:

Hand Weapons
 a - a +0 hunting sling
 b - a +1 dagger of electrocution (weapon)
 w - a +0 rapier
Missiles
 d - 3 throwing nets {!f}
 k - 240 stones (quivered)
 n - 104 poisoned darts
 F - 119 sling bullets
Armour
 c - a +0 shield (worn)
 q - a +1 helmet (worn)
 C - a +0 plate armour (worn)
 H - a +0 pair of boots (worn)
Jewellery
 i - an uncursed ring of ice
 s - the ring of Jipieru Ihua (left hand) {rPois rF+ Str+4}
   (You found it on level 8 of the Dungeon)

   [ring of poison resistance]

   It affects your strength (+4).
   It protects you from fire.
   It protects you from poison.
 u - an amulet of guardian spirit (around neck)
 O - an uncursed ring of see invisible {unknown}
Wands
 p - a wand of enslavement (9)
 L - a wand of paralysis (10)
Scrolls
 e - 2 scrolls of identify
 r - 7 scrolls of remove curse
 t - 3 scrolls of magic mapping
 y - a scroll of fear
 A - 7 scrolls of teleportation
 E - a scroll of immolation
 G - 2 scrolls of enchant armour
 I - 2 scrolls of silence
Potions
 g - 2 potions of magic
 h - 5 potions of lignification
 j - 2 potions of flight
 l - 5 potions of curing
 m - a potion of ambrosia
 o - a potion of resistance {unknown}
 v - 2 potions of brilliance
 z - a potion of cancellation
 B - 2 potions of agility
 D - 3 potions of invisibility
 J - a potion of berserk rage
 K - 3 potions of might
 M - a potion of haste {unknown}
 N - a potion of mutation
Comestibles
 f - 18 rations


   Skills:
 * Level 8.6 Fighting
 + Level 6.1 Short Blades
 - Level 14.0 Slings
 + Level 8.1 Armour
 + Level 9.0 Dodging
 + Level 8.0 Shields
 + Level 6.7 Invocations


You had 11 spell levels left.
You didn't know any spells.
Your spell library contained the following spells:

 Spells                   Type           Power        Failure   Level  Hunger
 Animate Skeleton         Necr           N/A          100%        1    ##.....
 Pain                     Necr           #...         100%        1    ##.....
 Sting                    Conj/Pois      #...         100%        1    ##.....
 Poisonous Vapours        Pois/Air       #.....       100%        2    ###....
 Conjure Flame            Conj/Fire      #.......     100%        3    ####...
 Mephitic Cloud           Conj/Pois/Air  #.......     100%        3    ####...
 Regeneration             Chrm/Necr      #.........   100%        3    ####...
 Vampiric Draining        Necr           #.........   100%        3    ####...
 Animate Dead             Necr           N/A          100%        4    #####..
 Olgreb's Toxic Radiance  Pois           #.......     100%        4    #####..
 Venom Bolt               Conj/Pois      #.........   100%        5    ######.
 Freezing Cloud           Conj/Ice/Air   #.........   100%        6    #######
 Ring of Flames           Chrm/Fire      #.........   100%        7    #######


Dungeon Overview and Level Annotations

Branches:
Dungeon (11/15)            Temple (1/1) D:6            Lair (0/6) D:8
    Orc: D:9-12

Altars:
Ashenzari
Cheibriados
Dithmenos
Elyvilon
Fedhas
Gozag
Hepliaklqana
Kikubaaqudgha
Makhleb
Nemelex Xobeh
Okawaru
Qazlal
Ru
Sif Muna
Trog
Uskayaw
Vehumet
Wu Jian
Xom
Yredelemnul
Zin
The Shining One

Annotations:
D:4 1 runed translucent door, Crazy Yiuf Gauntlet 13 transporters


Innate Abilities, Weirdness & Mutations

You are small and have problems with some larger weapons.
You are somewhat resistant to further mutation.


Message History

The blast of flame engulfs you but does no damage.
You hit the fire crab.
Lightning courses through the fire crab!
The fire crab is heavily wounded.
You are engulfed in blazing flames.
You resist.
* * * LOW HITPOINT WARNING * * *
You hit the fire crab.
Lightning courses through the fire crab!
The fire crab is severely wounded.
You are engulfed in blazing flames.
You resist.
* * * LOW HITPOINT WARNING * * *
You hit the fire crab.
The fire crab is severely wounded.
You are engulfed in blazing flames.
You resist.
* * * LOW HITPOINT WARNING * * *
You are no longer berserk.
You are exhausted.
You feel yourself slow down. You block the fire crab's attack.
The fire crab claws you!
You die...

#########..#.#.....
#8#........#.######
#####........#.#.....
###≈.....#######.######
#8#......#©...........©
###..##################
#..#°°.t.....#.#Y....
###..#t#h°○○.#.#.#Y##..
#8#..#@##○○○##.#.#.#.##
###..#°°##.##..#.#..##.
#..#°°°°©....#.#....©
###..#°°#####^.#.#..##.
#8#..#.##...##.#.#.#.##
###..#.#^....#.#.#.##..
#..#..?!©[...#.#Y..}©
###..##################
#8#......#©...........©


You could see a fire crab.

Vanquished Creatures
  A hydra (D:8)
  A two-headed ogre (D:8)
  A death scarab (Gauntlet)
  7 death yaks
  An ugly thing (D:9)
  Grinder (D:4)
  3 hippogriffs
  Sigmund (D:2)
  A wraith (Ossuary)
  4 fire bats (Gauntlet)
  19 yaks
  A spectral spiny frog (Gauntlet)
  3 hell hounds (Gauntlet)
  A water moccasin (D:7)
  Purgy (Sewer)
  6 ice beasts
  4 sky beasts
  4 orc warriors
  4 ogres
  2 necrophages
  2 phantoms
  4 centaurs
  A crocodile (D:10)
  A big kobold (D:8)
  2 bullfrogs (D:7)
  6 scorpions
  4 howler monkeys
  11 crimson imps
  4 jellies
  5 hounds
  A quasit (D:8)
  7 orc priests
  A gnoll shaman (D:7)
  12 orc wizards
  A bullfrog skeleton (D:11)
  Jessica (D:2)
  3 iguanas
  12 worker ants
  Terence (D:2)
  2 hound zombies
  A hound skeleton (D:6)
  3 mummies (Ossuary)
  Robin (D:3)
  A howler monkey skeleton (D:5)
  11 adders
  12 gnolls (D:7)
  3 oozes
  2 adder skeletons
  3 worms
  3 dart slugs
  6 leopard geckos
  44 orcs
  7 ball pythons
  7 giant cockroaches
  16 goblins
  13 hobgoblins
  10 jackals
  2 quokkas
  6 bats
  6 frilled lizards
  4 goblin zombies (Ossuary)
  6 hobgoblin zombies (Ossuary)
  A jackal skeleton (D:4)
  13 kobolds
  2 kobold zombies (Ossuary)
  7 rats
  2 fungi (D:4)
339 creatures vanquished.

Vanquished Creatures (others)
  A demonic plant (Gauntlet)
1 creature vanquished.

Grand Total: 340 creatures vanquished

Notes
Turn   | Place    | Note
-------+----------+-------------------------------------------
     0 | D:1      | MirrMurr the Halfling Fighter began the quest for the Orb.
     0 | D:1      | Reached XP level 1. HP: 15/15 MP: 1/1
    63 | D:1      | Reached XP level 2. HP: 17/20 MP: 2/2
   329 | D:1      | Reached XP level 3. HP: 16/25 MP: 3/3
   356 | D:1      | Reached skill level 1 in Dodging
   706 | D:1      | Found an ornate altar of the Wu Jian Council.
   787 | D:2      | Noticed Terence
   820 | D:2      | Killed Terence
   820 | D:2      | Reached XP level 4. HP: 19/31 MP: 4/4
  1401 | D:2      | Noticed Jessica
  1413 | D:2      | Killed Jessica
  1413 | D:2      | Reached XP level 5. HP: 20/36 MP: 5/5
  1910 | D:2      | Noticed Sigmund
  1925 | D:2      | Killed Sigmund
  1925 | D:2      | Reached XP level 6. HP: 8/42 MP: 6/6
  2272 | D:2      | Reached skill level 5 in Short Blades
  2697 | D:3      | Noticed Robin
  2727 | D:3      | Killed Robin
  3457 | D:3      | Reached XP level 7. HP: 46/46 MP: 7/7
  3637 | D:4      | Reached skill level 1 in Slings
  3657 | D:4      | Reached skill level 2 in Slings
  3674 | D:4      | Found a glowing drain.
  3705 | Sewer    | Entered a sewer
  3845 | Sewer    | Noticed Purgy
  3867 | Sewer    | Killed Purgy
  3867 | Sewer    | Reached skill level 3 in Slings
  3988 | D:4      | Found a runed translucent door.
  3989 | D:4      | Noticed Crazy Yiuf
  4374 | D:4      | Noticed Grinder
  4386 | D:4      | Paralysed by Grinder for 6 turns
  4395 | D:4      | Killed Grinder
  4395 | D:4      | Reached skill level 4 in Slings
  4395 | D:4      | Reached XP level 8. HP: 31/54 MP: 6/8
  4408 | D:4      | Noticed a hippogriff
  4411 | D:4      | Reached skill level 5 in Slings
  4420 | D:4      | Killed a hippogriff
  4420 | D:4      | Reached skill level 6 in Slings
  5007 | D:5      | Entered Level 5 of the Dungeon
  5117 | D:5      | Reached skill level 7 in Slings
  5192 | D:5      | Reached skill level 5 in Fighting
  5428 | D:5      | Reached skill level 8 in Slings
  5428 | D:5      | Reached skill level 5 in Dodging
  5428 | D:5      | Reached XP level 9. HP: 61/61 MP: 9/9
  5592 | D:5      | Found a sand-covered staircase.
  5599 | Ossuary  | Entered an ossuary
  5806 | Ossuary  | Reached skill level 9 in Slings
  6424 | D:6      | Found a staircase to the Ecumenical Temple.
  6433 | Temple   | Entered the Ecumenical Temple
  6624 | Temple   | Became a worshipper of Warmaster Okawaru
  7193 | D:6      | Reached skill level 10 in Slings
  7463 | D:7      | Reached skill level 1 in Invocations
  7467 | D:7      | Found a sparkling altar of Nemelex Xobeh.
  7472 | D:7      | Found a burning altar of Makhleb.
  7476 | D:7      | Found a burning altar of Makhleb.
  7496 | D:7      | Noticed a hippogriff
  7513 | D:7      | Killed a hippogriff
  7596 | D:7      | Reached * piety under Okawaru
  7805 | D:7      | Reached XP level 10. HP: 68/68 MP: 11/11
  7989 | D:7      | Reached skill level 5 in Armour
  8098 | D:7      | Reached skill level 5 in Shields
  8220 | D:7      | Found a deep blue altar of Sif Muna.
  8289 | D:7      | Reached skill level 11 in Slings
  8491 | D:8      | Reached ** piety under Okawaru
  8546 | D:8      | Got a vibrating granite ring
  8547 | D:8      | Identified the ring of Jipieru Ihua {rPois rF+ Str+4} (You
                  | found it on level 8 of the Dungeon)
  8571 | D:8      | Noticed an eight-headed hydra
  8655 | D:8      | Found a sacrificial altar of Ru.
  8665 | D:8      | Found a blossoming altar of Fedhas.
  9004 | D:8      | Found a staircase to the Lair.
  9004 | D:8      | Noticed a death yak
  9004 | D:8      | Noticed a death yak
  9005 | D:8      | Noticed a death yak
  9005 | D:8      | Noticed a death yak
  9016 | D:8      | Noticed a death yak
  9021 | D:8      | Killed a death yak
  9022 | D:8      | Noticed a death yak
  9022 | D:8      | Noticed a death yak
  9036 | D:8      | Killed a death yak
  9036 | D:8      | Reached skill level 12 in Slings
  9066 | D:8      | Killed a death yak
  9066 | D:8      | Reached *** piety under Okawaru
  9066 | D:8      | Reached XP level 11. HP: 43/75 MP: 6/14
  9259 | D:7      | Killed a death yak
  9435 | D:7      | Killed a death yak
  9440 | D:7      | Reached **** piety under Okawaru
  9474 | D:8      | Killed a death yak
  9474 | D:8      | Received a gift from Okawaru
  9474 | D:8      | Reached skill level 13 in Slings
  9740 | D:8      | Noticed a two-headed ogre
  9755 | D:8      | Killed a two-headed ogre
  9755 | D:8      | Received a gift from Okawaru
  9755 | D:8      | Reached skill level 5 in Invocations
  9881 | D:8      | Killed an eight-headed hydra
  9881 | D:8      | Received a gift from Okawaru
 10024 | D:8      | Killed a death yak
 10024 | D:8      | Reached ***** piety under Okawaru
 10247 | D:9      | Noticed a white ugly thing
 10286 | D:9      | Killed a white ugly thing
 10569 | D:9      | Reached XP level 12. HP: 80/81 MP: 16/16
 10934 | D:9      | Received a gift from Okawaru
 10952 | D:9      | Reached skill level 14 in Slings
 11248 | D:9      | Found a hazy altar of Hepliaklqana.
 11393 | D:9      | Found an ornate altar of the Wu Jian Council.
 11552 | D:9      | Received a gift from Okawaru
 11759 | D:10     | Entered Level 10 of the Dungeon
 12059 | D:10     | Received a gift from Okawaru
 12868 | D:11     | Found a gate leading to a gauntlet.
 12887 | Gauntlet | Entered a Gauntlet
 12887 | Gauntlet | Found a transporter.
 12887 | Gauntlet | Found a transporter.
 12891 | Gauntlet | Found a transporter.
 12891 | Gauntlet | Found a transporter.
 12900 | Gauntlet | Found a transporter.
 12915 | Gauntlet | Noticed a death ooze
 12916 | Gauntlet | Found the +0 Maxwell's etheric cage {RegenMP+ *Contam rElec
                  | MP+4}
 12917 | Gauntlet | Found a transporter.
 12922 | Gauntlet | Noticed a glowing orange brain
 12925 | Gauntlet | Found a transporter.
 12925 | Gauntlet | Found a transporter.
 12925 | Gauntlet | Noticed a green death
 12928 | Gauntlet | Found a transporter.
 12955 | Gauntlet | Found a transporter.
 12956 | Gauntlet | Noticed a dire elephant
 12962 | Gauntlet | Found a transporter.
 12979 | Gauntlet | Noticed a death scarab
 12980 | Gauntlet | Found a transporter.
 13026 | Gauntlet | Found a transporter.
 13042 | Gauntlet | Found a transporter.
 13042 | Gauntlet | Noticed a wizard
 13042 | Gauntlet | Noticed a wizard
 13143 | Gauntlet | Found a transporter.
 13163 | Gauntlet | Noticed a fire crab
 13165 | Gauntlet | Found a transporter.
 13284 | Gauntlet | Killed a death scarab
 13579 | Gauntlet | HP: 5/126 [fire crab] (4)]
 13581 | Gauntlet | HP: 2/126 [fire crab] (2)]
 13581 | Gauntlet | Slain by a fire crab

Levels and vault maps discovered:
D:1:      dpeg_arrival_water_altar, layout_basic
D:2:      layout_loops_ring, first_ration, uniq_sigmund, uniq_terence,
          uniq_jessica
D:3:      layout_loops_ring, minmay_misc_feat_nine_boxes, minmay_snake_closets,
          uniq_robin
D:4:      layout_loops_ring, portal_sewer_entry_f, uniq_grinder,
          uniq_crazy_yiuf_cottage
D:5:      layout_rooms, lightli_ossuary_entry_decrepit_ruins
D:6:      layout_basic, minmay_temple_entry_ruins, kennysheep_generic_room_6
D:7:      layout_rooms, gammafunk_temple_overflow_forgotten, grunt_ogre_cave,
          bloody_makhleb
D:8:      cheibrodos_fzero, layout_rooms, amethyst_overflow_temple_binary,
          dpeg_lair_monsters
D:9:      layout_irregular_city, marbit_many_paths,
          nicolae_overflow_hidden_temple
D:10:     layout_irregular_city
D:11:     regret_index_bee_streams, layout_basic, gauntlet_entry_generic,
          uniq_erica
Temple:   regret_index_temple_generic_petals
Gauntlet: gammafunk_gauntlet_branching [gammafunk_gauntlet_arena_split_diamond,
          nicolae_gauntlet_arena_quarters, gammafunk_gauntlet_arena_split_x,
          gammafunk_gauntlet_arena_corners, gammafunk_gauntlet_arena_teeth,
          gammafunk_gauntlet_arena_crates, nicolae_gauntlet_swirl,
          gammafunk_gauntlet_arena_mazey,
          nicolae_gauntlet_exit_dead_adventurers]

Skill      XL: |  1  2  3  4  5  6  7  8  9 10 11 12 |
---------------+-------------------------------------+-----
Short Blades   | 3 4 5 6 |  6.1
Dodging        | 1 2 3 5 6 7 8 9 |  9.0
Fighting       | 3 4 5 6 7 8 |  8.6
Armour         | 4 6 7 8 |  8.1
Shields        | 4 6 7 8 |  8.0
Slings         | 4 8 10 12 13 14 | 14.0
Invocations    | 1 4 5 6 |  6.7

Action                   |  1- 3 |  4- 6 |  7- 9 | 10-12 || total
-------------------------+-------+-------+-------+-------++-------
Melee: Rapier            |   150 |   177 |     6 |    28 ||   361
       Dagger            |       |    35 |   385 |   660 ||  1080
 Fire: Hunting sling     |       |       |   187 |   395 ||   582
Invok: Heroism           |       |       |       |    12 ||    12
Evoke: Wand              |       |       |       |     1 ||     1
  Use: Potion            |       |     1 |       |     2 ||     3
       Scroll            |       |     3 |    18 |     6 ||    27
 Stab: Paralysed         |       |       |       |     3 ||     3
  Eat: Chunk             |       |     9 |    14 |    16 ||    39
       Ration            |       |       |       |     1 ||     1
Armor: Scale mail        |    71 |       |       |       ||    71
       Chain mail        |       |    56 |   108 |       ||   164
       Plate armour      |       |       |    19 |   231 ||   250
Dodge: Dodged            |    62 |    43 |    94 |   224 ||   423
Block: Shield            |    94 |    82 |   135 |   339 ||   650

Table legend:
 A = Non-vault XP
 B = Vault XP
 C = Vault XP percentage of total XP
 D = Non-vault monster count
 E = Vault monster count
 F = Vault count percentage of total count
                 A         B        C        D         E       F
            +---------+---------+-------+---------+---------+-------
      Total |   12400 |   11418 |  47.9 |     254 |      83 |  24.6
            +---------+---------+-------+---------+---------+-------
        D:1 |      46 |       0 |   0.0 |      25 |       0 |   0.0
        D:2 |      59 |     289 |  83.0 |      21 |       3 |  12.5
        D:3 |      29 |      97 |  77.0 |      15 |      22 |  59.5
        D:4 |     550 |     289 |  34.4 |      17 |       4 |  19.0
        D:5 |     644 |       0 |   0.0 |      34 |       0 |   0.0
        D:6 |     766 |       6 |   0.8 |      18 |       2 |  10.0
        D:7 |    1466 |    1964 |  57.3 |      43 |       4 |   8.5
        D:8 |    2776 |    6081 |  68.7 |      27 |      17 |  38.6
        D:9 |    3661 |       0 |   0.0 |      29 |       0 |   0.0
       D:10 |    1603 |       0 |   0.0 |      16 |       0 |   0.0
       D:11 |     800 |       0 |   0.0 |       9 |       0 |   0.0
      Sewer |       0 |     150 | 100.0 |       0 |       6 | 100.0
    Ossuary |       0 |     275 | 100.0 |       0 |      16 | 100.0
   Gauntlet |       0 |    2267 | 100.0 |       0 |       9 | 100.0
            +---------+---------+-------+---------+---------+-------
